 Dungeon Crawl Stone Soup version 0.30-a0-859-gf88a04b62d (webtiles) character file.

Game seed: 13552748832733836713

54 IdlyInterested the Shield-Bearer (level 3, 0/29 HPs)
             Began as a Demonspawn Fighter on Mar 6, 2023.
             Slain by Grinder (1 damage)
             ... on level 3 of the Dungeon.
             The game lasted 00:05:30 (1659 turns).

IdlyInterested the Shield-Bearer (DsFi)             Turns: 1659, Time: 00:05:31

Health: 0/29       AC:  8    Str: 19    XL:     3   Next: 66%
Magic:  3/3        EV:  6    Int: 11    God:
Gold:   74         SH:  5    Dex: 14    Spells: 2/2 levels left

rFire   + . .      SeeInvis .    a - +0 long sword
rCold   x . .      Faith    .    c - +0 buckler
rNeg    . . .      Spirit   .    b - +0 scale mail
rPois   +          Reflect  .    (helmet restricted)
rElec   .          Rampage  .    (no cloak)
rCorr   .                        (no gloves)
Will    .....                    e - +1 pair of boots Stlth
                                 (no amulet)
HPRegen 0.24/turn                f - ring "Ymnonoen" {Fire rPois Str+3 Slay+5}
MPRegen 0.08/turn                (no ring)

@: mighty, constricted
A: horns 1, big brain 1
a: no special abilities


You were on level 3 of the Dungeon.
You visited 1 branch of the dungeon, and saw 3 of its levels.

You collected 74 gold pieces.

Inventory:

Hand Weapons
 a - a +0 long sword (weapon)
Missiles
 j - 22 stones (quivered)
Armour
 b - a +0 scale mail (worn)
 c - a +0 buckler (worn)
 e - a +1 pair of boots (worn)
Jewellery
 f - the ring "Ymnonoen" (left hand) {Fire rPois Str+3 Slay+5}
   (You acquired it on level 2 of the Dungeon)

   [ring of fire]

   It enhances your fire magic.
   Str:       It affects your strength (+3).
   Slay:      It affects your accuracy & damage with ranged weapons and melee
   (+5).
   rF:        It protects you from fire.
   rC:        It makes you vulnerable to cold.
   rPois:     It protects you from poison.
Scrolls
 g - a scroll of magic mapping
 k - a scroll of enchant armour {unknown}
 p - a scroll of immolation {unknown}
Potions
 d - a potion of might
 h - a potion of lignification
 l - a potion of heal wounds {unknown}
 m - a potion of attraction
 n - 3 potions of flight
 o - a potion of haste {unknown}


   Skills:
 - Level 3.0 Fighting
 + Level 2.4 Long Blades
 + Level 0.8 Throwing
 - Level 3.0 Armour
 - Level 1.0 Stealth
 * Level 3.2 Shields


You had 2 spell levels left.
You didn't know any spells.
Your spell library was empty.

Dungeon Overview and Level Annotations

Branches:
Dungeon (3/15)

Altars:

Shops:
D:1 [   D:2 =

Annotations:
D:3 Grinder


Innate Abilities, Weirdness & Mutations

You have a pair of small horns on your head.
You have an unusually large brain. (Int +2)


Message History

You block the giant cockroach's attack.
A quokka comes into view.
Grinder gestures at you. Pain shoots through your body!
You feel very mighty all of a sudden. The adder bites you.
* * * LOW HITPOINT WARNING * * *
The giant cockroach closely misses you.
A hobgoblin comes into view. x2
The adder bites you but does no damage. The adder bites you.
* * * LOW HITPOINT WARNING * * *
It was a potion of curing.
You feel better.
The hobgoblin shouts!
The giant cockroach bites you but does no damage.
You block the ball python's attack. The ball python grabs you.
The ball python constricts you. The adder bites you but does no damage.
The adder barely misses you.
You slash Grinder! Your headbutt misses Grinder.
Grinder is moderately wounded.
You block the giant cockroach's attack. You block the ball python's attack.
The ball python constricts you. The adder bites you.
* * * LOW HITPOINT WARNING * * *
The adder barely misses you. You block Grinder's attack.
The giant cockroach barely misses you. You block the ball python's attack.
The ball python constricts you.
* * * LOW HITPOINT WARNING * * *
The adder bites you but does no damage. x2
You slash Grinder!
Grinder is severely wounded.
The giant cockroach bites you but does no damage.
Grinder hits you.
* * * LOW HITPOINT WARNING * * *
You writhe in agony.
* * * LOW HITPOINT WARNING * * *
The adder bites you.
* * * LOW HITPOINT WARNING * * *
The adder bites you but does no damage. The ball python completely misses you.
The ball python constricts you. You block the giant cockroach's attack.
Grinder hits you.
You die...

.............#
.#####.......# ..
#.......##..
#####..<...)....
................
..###............
###...r..#...
..##...5S.......
.......@Sg.....
.....#:BS.......
.........g#####.
...........
....g.......
.............
...........##
....$......#


You could see Grinder, 2 adders, a quokka, a giant cockroach, 3 hobgoblins and a
ball python.

Vanquished Creatures
  Ijyb (D:3)
  A dart slug (D:2)
  6 endoplasms
  2 giant cockroaches (D:1)
  2 hobgoblins (D:2)
  2 jackals (D:2)
  A kobold (D:2)
  2 quokkas (D:1)
  3 ball pythons
  3 bats
  A frilled lizard (D:1)
  2 rats (D:2)
26 creatures vanquished.

Notes
Turn   | Place    | Note
-------+----------+-------------------------------------------
     0 | D:1      | IdlyInterested the Demonspawn Fighter began the quest for
                  | the Orb.
     0 | D:1      | Reached XP level 1. HP: 18/18 MP: 1/1
    17 | D:1      | Noticed an electric eel
   336 | D:1      | Found Foutiy's Antique Armour Shoppe.
   340 | D:1      | Gained mutation: You have a pair of small horns on your
                  | head. [demonic ancestry]
   340 | D:1      | Reached XP level 2. HP: 24/24 MP: 2/2
   952 | D:2      | Identified a scroll of acquirement
   952 | D:2      | Acquired the ring "Ymnonoen" {Fire rPois Str+3 Slay+5}
  1028 | D:2      | Reached skill level 1 in Stealth
  1045 | D:2      | Found Jimn's Jewellery Boutique.
  1402 | D:2      | Found a faded altar of an unknown god.
  1472 | D:2      | Gained mutation: You have an unusually large brain. (Int
                  | +2) [demonic ancestry]
  1472 | D:2      | Reached XP level 3. HP: 29/29 MP: 3/3
  1646 | D:3      | Noticed Ijyb
  1650 | D:3      | Noticed Grinder
  1655 | D:3      | Killed Ijyb
  1659 | D:3      | HP: 1/29 [adder (3)]
  1659 | D:3      | Slain by Grinder

Illustrated notes

Levels and vault maps discovered:
D:1:      arrival_aquarium_a, layout_loops_ring, serial_shops,
          nicolae_shop_waterfront
D:2:      layout_loops_ring, serial_shops, shop, shapermc_ecumenical_altar_venn
D:3:      layout_rooms, minmay_cupped, uniq_grinder, uniq_ijyb

Skill      XL: |  1  2 |
---------------+-------+-----
Long Blades    | 2 |  2.4
Armour         | 3 |  3.0
Stealth        | 1 |  1.0
Shields        | 3 |  3.2
Fighting       | |  3.0
Throwing       | |  0.8

Action                     || total
---------------------------++-------
  Melee: Long sword        ||    55
         Headbutt          ||     9
    Use: Scroll            ||     9
         Potion            ||     2
 Armour: Scale mail        ||    38
  Dodge: Dodged            ||    34
  Block: Buckler           ||    15

Table legend: (Time is in decaauts)
 A = Elapsed time spent in this place.
 B = Non-inter-level travel time spent in this place.
 C = Inter-level travel time spent in this place.
 D = Time resting spent in this place.
 E = Time spent auto-exploring this place.
 F = Levels seen in this place.
 G = Mean time per level.
                   A        B        C        D        E       F      G
               +--------+--------+--------+--------+--------+-----+--------+
         Total |   1679 |   1392 |    287 |     18 |   1048 |   3 |  559.7 |
       Dungeon |   1679 |   1392 |    287 |     18 |   1048 |   3 |  559.7 |
               +--------+--------+--------+--------+--------+-----+--------+

Top non-repeatable levels by time:
     D:1: 890 daAuts
     D:2: 749 daAuts
     D:3: 39 daAuts
